 Dungeon Crawl Stone Soup version 0.29.0-7-g18a832c13a (webtiles) character file.

Game seed: 4609415956099219226

18012 Bartlander the Shatterer (level 12, -1/84 (86) HPs)
             Began as a Palentonga Fighter on Sept 1, 2022.
             Was an Elder of Okawaru.
             Slain by a spriggan defender skeleton (3 damage)
             ... on level 3 of the Abyss.
             The game lasted 00:55:44 (15169 turns).

Bartlander the Shatterer (Palentonga Fighter)      Turns: 15169, Time: 00:55:45

HP:   -1/84 (86)    AC: 25    Str: 25      XL:     12   Next: 23%
MP:   0/12          EV:  8    Int: 10 (12) God:    Okawaru [****..]
Gold: 461           SH: 11    Dex: 10      Spells: 11/11 levels left

rFire   + + .      SeeInvis +   e - +6 morningstar "Laty" {vamp, rF+ rN+}
rCold   + . .      Faith    .   c - +1 buckler
rNeg    + . .      Spirit   .   o - +1 ring mail "Jipragho" {rElec rC+}
rPois   .          Reflect  +   y - +2 hat
rElec   +          Harm     .   x - +0 cloak
rCorr   .          Rampage  .   (no gloves)
Will    +....                   Q - +2 barding of Xefaedgh {Int+2}
Stlth   ++........              O - amulet of reflection
HPRegen 0.24/turn               I - ring of protection from fire
MPRegen 0.13/turn               D - ring of willpower

@: heroic, finesse-ful, flying, lightly drained, curled up
A: large, rugged brown scales 3, see invisible, deformed body, roll 1, armoured
tail, reflexive curl
a: Rolling Charge, Renounce Religion, Heroism, Finesse


You were on level 3 of the Abyss.
You worshipped Okawaru.
Okawaru was greatly pleased with you.
You visited 1 branch of the dungeon, and saw 12 of its levels.
You visited the Abyss 1 time.

You collected 743 gold pieces.
You spent 282 gold pieces at shops.

Inventory:

Hand Weapons
 a - a +1 vorpal war axe
 e - the +6 morningstar "Laty" (weapon) {vamp, rF+ rN+}
   (You acquired it on level 1 of the Dungeon)

   It occasionally heals its wielder for a portion of the damage dealt when it
   wounds a living foe.
   rF:        It protects you from fire.
   rN:        It protects you from negative energy.
 k - a +0 flail
 N - a +4 longbow of freezing
Missiles
 t - 4 throwing nets
 w - 2 silver boomerangs (quivered)
 J - 3 curare-tipped darts
 K - 8 poisoned darts
 L - 3 silver javelins
Armour
 b - a +0 scale mail
 c - a +1 buckler (worn)
 n - a +0 plate armour
 o - the +1 ring mail "Jipragho" (worn) {rElec rC+}
   (You took it off a goblin on level 2 of the Dungeon)

   rC:        It protects you from cold.
   rElec:     It insulates you from electricity.
 x - a +0 cloak (worn)
 y - a +2 hat (worn)
 Q - the +2 barding of Xefaedgh (worn) {Int+2}
   (Okawaru gifted it to you on level 11 of the Dungeon)

   Int:       It affects your intelligence (+2).
Jewellery
 p - a ring of magical power
 v - a ring of see invisible
 A - a ring of flight
 D - a ring of willpower (right hand)
 F - a ring of magical power
 G - an amulet of the acrobat
 I - a ring of protection from fire (left hand)
 O - an amulet of reflection (around neck)
Wands
 s - a wand of polymorph (3)
 u - a wand of roots (33)
 C - a wand of light (7)
Scrolls
 h - 3 scrolls of enchant armour
 q - 3 scrolls of teleportation
 E - 2 scrolls of enchant weapon
 P - a scroll of fog
Potions
 d - 6 potions of might
 j - 7 potions of brilliance
 m - 4 potions of attraction
 r - 2 potions of resistance
 z - a potion of magic {unknown}
 B - 3 potions of mutation
 H - a potion of flight
Miscellaneous
 M - a condenser vane


   Skills:
 - Level 3.0(8.0) Fighting
 - Level 2.3(19.2) Axes
 + Level 21.3(26.3) Maces & Flails
 - Level 2.4(7.4) Armour
 - Level 1.3(6.3) Dodging
 - Level 2.9(7.9) Shields


You had 11 spell levels left.
You didn't know any spells.
Your spell library contained the following spells:

 Spells                   Type           Power      Damage    Failure   Level
 Sandblast                Erth           0%         2d4       54%         1
 Passwall                 Tmut/Erth      0%         N/A       69%         2
 Stone Arrow              Conj/Erth      0%         3d7       89%         3
 Lehudib's Crystal Spear  Conj/Erth      0%         10d2      100%        8
 Animate Armour           Summ/Erth      Unusable   N/A       N/A         4

Dungeon Overview and Level Annotations

Branches:
Dungeon (12/15)            Temple (0/1) D:6            Lair (0/5) D:11
    Orc (0/2) D:12

Altars:
Cheibriados
Dithmenos
Elyvilon
Gozag
Hepliaklqana
Makhleb
Nemelex Xobeh
Okawaru
Qazlal
Ru
Trog
Uskayaw
Vehumet
Wu Jian
Xom
Yredelemnul
Zin

Shops:
D:6 **

Annotations:
D:12 Sonja


Innate Abilities, Weirdness & Mutations

You are completely covered in rugged brown scales. (AC +3, +7% HP)
You have supernaturally acute eyesight. (SInv)
Armour fits poorly on your strangely shaped body.
You can roll at nearby foes to attack.
You have a long armoured tail.
You curl defensively after being hit. (AC +7*)


Message History

A tentacled starspawn comes into view.
You fade into invisibility!
A tentacle flies out from the starspawn's body!
A starspawn tentacle comes into view.
The spriggan defender skeleton hits you but does no damage.
The spriggan defender skeleton hits you but does no damage.
You gain the combat prowess of a mighty hero.
The spriggan defender skeleton closely misses you.
The spriggan defender skeleton misses you.
You can now deal lightning-fast blows.
You block the spriggan defender skeleton's attack.
You barely miss the spriggan defender skeleton.
You catch the helpless spriggan defender skeleton completely off-guard!
You sock the spriggan defender skeleton!
Your tail-slap misses the spriggan defender skeleton.
The spriggan defender skeleton is lightly damaged.
The spriggan defender skeleton hits you!
* * * LOW HITPOINT WARNING * * *
You catch the helpless spriggan defender skeleton completely off-guard!
You impale the spriggan defender skeleton!!
The spriggan defender skeleton is moderately damaged.
You flicker for a moment.
You feel like a meek peon again.
Your hands slow down.
You flicker back into view.
The spriggan defender skeleton attacks as you move away!
The spriggan defender skeleton hits you but does no damage.
You gain the combat prowess of a mighty hero.
You can no longer enter into single combat with a foe.
Okawaru will no longer gift you equipment.
The spriggan defender skeleton hits you but does no damage. x2
You can now deal lightning-fast blows.
The spriggan defender skeleton hits you!
* * * LOW HITPOINT WARNING * * *
Tentacles burst from the starspawn's body! 2 starspawn tentacles come into view.
It was a potion of flight.
You feel very buoyant.
You fly up into the air.
The spriggan defender skeleton hits you.
You die...

.. ... .. ..#
. #.. ## #...#
.# .#..##..#
..#.#..#
#..#..# #@#..
# # .##
#..#Z...# #.
###. #
#...#w##.###.
#.# #.####Xw##
..## . #
##...#.#.## .#
. ### ##..#.#
...##... #
X....#.#....#.
... #
#.##.##.. .##.
. .# # # ...#
...###.. ###


You could see a tentacled starspawn, 2 starspawn tentacles and a spriggan
defender skeleton.

Vanquished Creatures
  A hydra (D:10)
  A centaur warrior (D:10)
  A two-headed ogre (D:11)
  A tengu warrior (D:10)
  2 thrashing horrors (Abyss:3)
  A skeletal warrior (D:10)
  Pikel (D:4)
  A wolf spider (D:12)
  3 manticores
  A rust devil (Abyss:3)
  A gargoyle (D:12)
  A freezing wraith (D:11)
  2 komodo dragons (D:11)
  2 ancient zymes (Abyss:3)
  2 trolls
  Grinder (D:5)
  2 raiju (Abyss:2)
  Sigmund (D:2)
  4 wyverns
  A water elemental (Abyss:3)
  A wraith (D:12)
  4 basilisks
  10 yaks
  3 steam dragons
  Grum (D:8)
  Edmund (D:5)
  An acid dragon (D:11)
  2 water moccasins
  2 black bears
  An ice beast (D:6)
  A swamp drake (D:11)
  4 orc warriors
  2 sky beasts (D:7)
  An ogre (D:7)
  A small abomination (Abyss:3)
  2 centaurs
  3 wolves
  A phantom (D:5)
  3 kobold brigands (D:9)
  2 bullfrogs
  3 necrophages
  5 gnoll sergeants
  3 scorpions
  4 wights (D:8)
  13 killer bees
  12 howler monkeys
  4 jellies
  9 hounds
  3 orc priests
  4 gnoll boudas
  Ijyb (D:5)
  3 iguanas
  8 orc wizards
  34 gnolls
  7 adders
  2 shadow imps
  An adder zombie (D:3)
  3 worms (D:5)
  A dart slug (D:5)
  25 orcs
  4 bats
  5 endoplasms
  3 giant cockroaches
  12 goblins
  4 hobgoblins
  10 jackals
  14 kobolds
  5 quokkas
  5 ball pythons
  A quokka zombie (D:3)
  4 rats
288 creatures vanquished.

Vanquished Creatures (others)
  An orc (D:8)
  A fungus (D:2)
  4 plants (D:2)
  2 starspawn tentacles (Abyss:3)
8 creatures vanquished.

Grand Total: 296 creatures vanquished

Notes
Turn   | Place    | Note
-------+----------+-------------------------------------------
     0 | D:1      | Bartlander the Palentonga Fighter began the quest for the
                  | Orb.
     0 | D:1      | Reached XP level 1. HP: 19/19 MP: 1/1
   175 | D:1      | Reached XP level 2. HP: 21/25 MP: 2/2
   240 | D:1      | Reached skill level 1 in Dodging
   567 | D:1      | Identified a scroll of acquirement
   567 | D:1      | Acquired the +6 morningstar "Laty" {vamp, rF+ rN+}
   623 | D:2      | Noticed Sigmund
   764 | D:2      | Reached skill level 1 in Maces & Flails
   764 | D:2      | Reached XP level 3. HP: 31/31 MP: 3/3
  1345 | D:2      | Found a faded altar of an unknown god.
  1348 | D:2      | Prayed at the altar of an unknown god.
  1348 | D:2      | Became a worshipper of Warmaster Okawaru
  1348 | D:2      | Reached * piety under Okawaru
  1395 | D:2      | Reached skill level 2 in Maces & Flails
  1700 | D:2      | Identified the +1 ring mail "Jipragho" {rElec rC+}
  1752 | D:2      | Killed Sigmund
  1752 | D:2      | Reached ** piety under Okawaru
  1753 | D:2      | Reached skill level 4 in Maces & Flails
  1753 | D:2      | Reached XP level 4. HP: 37/37 MP: 1/4
  1753 | D:2      | Reached XP level 5. HP: 43/43 MP: 1/5
  2169 | D:3      | Reached skill level 5 in Maces & Flails
  2668 | D:3      | Found a basalt altar of Yredelemnul.
  2954 | D:4      | Reached XP level 6. HP: 50/50 MP: 6/6
  3026 | D:4      | Found Zin's Purification Station.
  3031 | D:4      | Found a glowing silver altar of Zin.
  3034 | D:4      | Bought a potion of curing for 90 gold pieces
  3358 | D:4      | Found a sparkling altar of Nemelex Xobeh.
  3419 | D:4      | Noticed Pikel
  3437 | D:4      | Killed Pikel
  3437 | D:4      | Reached *** piety under Okawaru
  3438 | D:4      | Reached skill level 8 in Maces & Flails
  3438 | D:4      | Gained mutation: You curl defensively after being hit. (AC
                  | +7*) [Palentonga growth]
  3438 | D:4      | Reached XP level 7. HP: 35/55 MP: 7/7
  3848 | D:5      | Entered Level 5 of the Dungeon
  3898 | D:4      | Reached XP level 8. HP: 48/62 MP: 8/8
  4006 | D:4      | Reached **** piety under Okawaru
  4007 | D:4      | Reached skill level 9 in Maces & Flails
  4263 | D:5      | Noticed a +0 dagger
  4263 | D:5      | Noticed a +0 spear
  4269 | D:5      | Found a hide-covered altar of Uskayaw.
  4270 | D:5      | Noticed a +0 falchion
  4276 | D:5      | Noticed Edmund
  4276 | D:5      | Noticed a +0 dagger
  4288 | D:5      | Killed Edmund
  4296 | D:5      | Noticed a +0 spear
  4342 | D:5      | Reached skill level 10 in Maces & Flails
  4519 | D:5      | Noticed Ijyb
  4532 | D:5      | Killed Ijyb
  4694 | D:5      | Noticed a +0 short sword
  4694 | D:5      | Noticed a +0 falchion
  4695 | D:5      | Noticed a +0 short sword
  4710 | D:5      | Reached skill level 11 in Maces & Flails
  4832 | D:5      | Reached XP level 9. HP: 67/67 MP: 9/9
  4909 | D:5      | Noticed Grinder
  4910 | D:5      | Paralysed by Grinder for 3 turns
  4920 | D:5      | Killed Grinder
  5066 | D:5      | Found a shadowy altar of Dithmenos.
  5181 | D:5      | Reached skill level 12 in Maces & Flails
  5961 | D:6      | Found a staircase to the Ecumenical Temple.
  6013 | D:6      | Found Dumyp's General Store.
  6017 | D:6      | Bought a +2 hat for 192 gold pieces
  6049 | D:6      | Reached ***** piety under Okawaru
  6118 | D:6      | Acquired a manual of Maces & Flails
  6349 | D:6      | Reached skill level 13 in Maces & Flails
  6850 | D:6      | Found Awazit's General Store.
  7095 | D:7      | Reached skill level 14 in Maces & Flails
  7119 | D:7      | Found a hazy altar of Hepliaklqana.
  7126 | D:7      | Identified the +4 falchion "Impslayer" {venom, rN+ SInv}
                  | (Okawaru gifted it to you on level 7 of the Dungeon)
  7126 | D:7      | Received a gift from Okawaru
  7358 | D:7      | Found a shimmering altar of Xom.
  7376 | D:7      | Noticed a manticore
  7382 | D:7      | Killed a manticore
  7383 | D:7      | Reached skill level 15 in Maces & Flails
  7383 | D:7      | Reached XP level 10. HP: 65/74 MP: 10/10
  7588 | D:7      | Found a shimmering altar of Xom.
  7588 | D:7      | Noticed a mana viper
  7589 | D:7      | Found a shimmering altar of Xom.
  7589 | D:7      | Found a shimmering altar of Xom.
  7589 | D:7      | Found a shimmering altar of Xom.
  7590 | D:7      | Found a shimmering altar of Xom.
  7621 | D:7      | Noticed a salamander
  8302 | D:8      | Reached skill level 16 in Maces & Flails
  8556 | D:8      | Found a bloodstained altar of Trog.
  8633 | D:8      | Noticed Grum
  8647 | D:8      | Killed Grum
  8938 | D:8      | Reached skill level 17 in Maces & Flails
  9130 | D:8      | Found a sacrificial altar of Ru.
  9431 | D:8      | Reached skill level 18 in Maces & Flails
  9581 | D:9      | Found an opulent altar of Gozag.
 10012 | D:9      | Identified the +6 quick blade of the Boiling Point {vorpal,
                  | rCorr MP+9 Str-4} (Okawaru gifted it to you on level 9 of
                  | the Dungeon)
 10012 | D:9      | Received a gift from Okawaru
 10173 | D:9      | Found a burning altar of Makhleb.
 10268 | D:9      | Found a radiant altar of Vehumet.
 10494 | D:9      | Reached XP level 11. HP: 60/80 MP: 11/11
 10650 | D:9      | Found a stormy altar of Qazlal.
 10918 | D:10     | Entered Level 10 of the Dungeon
 11090 | D:10     | Noticed a skeletal warrior
 11090 | D:10     | Noticed a six-headed hydra
 11276 | D:10     | Found a snail-covered altar of Cheibriados.
 11293 | D:10     | Found an ornate altar of the Wu Jian Council.
 11296 | D:10     | Found a white marble altar of Elyvilon.
 11373 | D:10     | Noticed a tengu warrior
 11384 | D:10     | Killed a tengu warrior
 11385 | D:10     | Reached skill level 19 in Maces & Flails
 11387 | D:10     | Killed a six-headed hydra
 11631 | D:10     | Noticed a rakshasa
 11702 | D:10     | Killed a skeletal warrior
 12097 | D:10     | Noticed a centaur warrior
 12109 | D:10     | Killed a centaur warrior
 12456 | D:11     | Identified the +2 barding of Xefaedgh {Int+2} (Okawaru
                  | gifted it to you on level 11 of the Dungeon)
 12456 | D:11     | Received a gift from Okawaru
 13392 | D:11     | Found a staircase to the Lair.
 13502 | D:11     | Noticed a two-headed ogre
 13507 | D:11     | Killed a two-headed ogre
 13508 | D:11     | Reached skill level 20 in Maces & Flails
 13628 | D:12     | Noticed Sonja
 13706 | D:12     | Noticed a wolf spider
 13716 | D:12     | Killed a wolf spider
 14087 | D:12     | Found a staircase to the Orcish Mines.
 14363 | D:11     | Reached XP level 12. HP: 53/86 MP: 10/12
 14553 | Abyss:2  | Cast into level 2 of the Abyss (Sonja)
 14636 | Abyss:2  | Noticed a bone dragon
 14660 | Abyss:2  | Noticed a tentacled starspawn
 14666 | Abyss:2  | Found a corrupted altar of Lugonu.
 14830 | Abyss:3  | Reached skill level 21 in Maces & Flails
 14867 | Abyss:3  | Noticed a cacodemon
 14972 | Abyss:3  | Noticed an eidolon
 15092 | Abyss:3  | Found a corrupted altar of Lugonu.
 15131 | Abyss:3  | Noticed a tentacled starspawn
 15168 | Abyss:3  | HP: 1/84 [spriggan defender skeleton (11)]
 15169 | Abyss:3  | Slain by a spriggan defender skeleton

Illustrated notes

Levels and vault maps discovered:
D:1:      shiori_arrival_elements, layout_rooms, minmay_split_cup_large
D:2:      layout_loops_corners, shapermc_ecumenical_altar_mp_ritualfount,
          hangedman_feature_mirror, uniq_sigmund
D:3:      layout_loops_corners, lemuel_zombie_altar_yredelemnul,
          minmay_misc_feat_encased, hangedman_decor_diamond_cutter
D:4:      layout_basic, zin_purify, mainiacjoe_overflow_paths,
          serial_park_tiny_2, kennysheep_generic_room_12, uniq_pikel
D:5:      layout_cave_pools, grunt_dithmenos_shadows, nicolae_uskayaw_en_pointe,
          serial_gnoll_camp, gnoll_camp_mini_hut, gnoll_camp_huts_basic,
          gnoll_camp_mini_doghouse, gnoll_camp_mini_hut, gnoll_camp_medium_01,
          gnoll_camp_medium_02, cheibrodos_sewer_entry_sluice,
          chequers_serial_rivers_room_b, grunt_ministairs_8, st_stairs_12,
          uniq_ijyb, uniq_edmund, uniq_grinder
D:6:      layout_basic, temple_fountains, serial_shops, shop, shop,
          hangedman_decor_opposing
D:7:      layout_loops_corners, mainiacjoe_overflow_surrounded_room,
          xom_shifter_show
D:8:      layout_basic, mainiacjoe_overflow_24_doors, trog_three_pillars_becter,
          uniq_grum
D:9:      layout_basic, mainiacjoe_overflow_alcove_1,
          mainiacjoe_overflow_brackets, mainiacjoe_overflow_boulevard,
          nicolae_qazlal_eye_of_the_storm
D:10:     minmay_cut_squares, layout_grid_maze, cheibrodos_worm_habitat,
          nicolae_overflow_squiral
D:11:     layout_irregular_city, erik_lair_dragon
D:12:     minmay_textured_paths, layout_gridville, special_room
          [special_room_orc], st_stairs_2, uniq_sonja, uniq_frances
Abyss:3:  base: D:12, evilmike_abyss_exit_kraken, hangedman_abyss_mock_shop,
          due_evilmike_abyss_rune_seething_liches, minivault_23

Skill      XL: |  1  2  3  4  5  6  7  8  9 10 11 12 |
---------------+-------------------------------------+-----
Dodging        | 1 |  1.3
Maces & Flails | 1 4 5 8 11 15 18 20 21 | 21.3
Fighting       | |  3.0
Axes           | |  2.3
Armour         | |  2.4
Shields        | |  2.9

Action                   |  1- 3 |  4- 6 |  7- 9 | 10-12 || total
-------------------------+-------+-------+-------+-------++-------
Melee: War axe           |    46 |       |       |       ||    46
       Tailslap          |     5 |     6 |    35 |    58 ||   104
       Morningstar       |    23 |    76 |   274 |   436 ||   809
Throw: Boomerang         |       |       |       |    37 ||    37
Invok: Heroism           |     1 |       |     9 |    17 ||    27
       Finesse           |       |       |     1 |     4 ||     5
 Abil: Rolling Charge    |     9 |     7 |    45 |    48 ||   109
Evoke: Wand              |       |       |     4 |     1 ||     5
  Use: Scroll            |     3 |     3 |     5 |    11 ||    22
       Potion            |       |       |     1 |    11 ||    12
 Stab: Invisible         |       |       |       |     5 ||     5
Armor: Scale mail        |    31 |     2 |       |       ||    33
       Ring mail         |       |    21 |    99 |   166 ||   286
Dodge: Dodged            |    17 |    26 |   104 |   130 ||   277
Block: Buckler           |    14 |    17 |    76 |   130 ||   237
       Reflection        |       |       |       |     5 ||     5
